 Dungeon Sprint DCSS version 0.22-a0-69-g116c2a8 (webtiles) character file.

1106 Kidiri the Martial Artist (level 8, -6/70 HPs)
             Began as a Black Draconian Transmuter on Jan 11, 2018.
             Was a Priest of Sif Muna.
             Mangled by a seven-headed hydra (10 damage)
             ... in the Dungeon (Sprint IX: "|||||||||||||||||||||||||||||").
             The game lasted 00:03:40 (1111 turns).

Kidiri the Martial Artist (DrTm)                    Turns: 1111, Time: 00:03:41

Health: -6/70      AC:  9    Str: 13    XL:     8   Next: 11%
Magic:  15/19      EV: 16    Int: 17    God:    Sif Muna [***...]
Gold:   0          SH:  0    Dex: 13    Spells: 7/22 levels left

rFire    . . .     SeeInvis .     - Unarmed
rCold    . . .     Gourm    .   (shield currently unavailable)
rNeg     . . .     Faith    .   (armour unavailable)
rPois    .         Spirit   .   (helmet restricted)
rElec    +         Reflect  .   n - +0 cloak
rCorr    .         Harm     .   (gloves currently unavailable)
MR       .....     NoTele   +   (no boots)
Stlth    +.........             (no amulet)
HPRegen  0.21/turn              o - +2 ring of protection
MPRegen  0.16/turn              p - +3 ring of intelligence

@: blade hands
A: breathe lightning, unfitting armour, electricity resistance, cold-blooded, AC
+6
a: Breathe Lightning, End Transformation, Divine Energy, Channel Magic, Renounce
Religion


You were in the Dungeon.
You worshipped Sif Muna.
Sif Muna was most pleased with you.
You were hungry.
You had blades for hands.
You visited 1 branch

Inventory:

Missiles
 a - 12 arrows
Armour
 m - a +0 pair of gloves (melded)
 n - a +0 cloak (worn)
Jewellery
 o - a +2 ring of protection (left scythe-like blade)
 p - a +3 ring of intelligence (right scythe-like blade)
Wands
 l - a wand of iceblast (10)
Scrolls
 i - 2 scrolls of blinking
 j - 3 scrolls of remove curse
 k - 2 scrolls of amnesia
 r - 2 scrolls of enchant armour
 s - 4 scrolls of enchant weapon
 t - 2 scrolls of fog
Potions
 d - 5 potions of curing
 e - 6 potions of heal wounds
 f - 2 potions of haste
 g - 4 potions of magic
 h - a potion of invisibility
 q - 2 potions of agility
Books
 b - a book of Changes

   Spells                             Type                      Level
   a - Beastly Appendage              Transmutation                1
   b - Sticks to Snakes               Transmutation                2
   c - Spider Form                    Transmutation/Poison         3
   d - Ice Form                       Ice/Transmutation            4
   e - Blade Hands                    Transmutation                5
Comestibles
 c - a ration


   Skills:
 + Level 6.0 Fighting
 * Level 7.5 Dodging
 * Level 8.5 Unarmed Combat
 * Level 7.5 Spellcasting
 + Level 5.8 Transmutations
 + Level 4.6 Ice Magic
 + Level 4.6 Poison Magic
 + Level 4.6 Evocations


You had 7 spell levels left.
You knew the following spells:

 Your Spells              Type           Power        Failure   Level  Hunger
a - Beastly Appendage     Tmut           ####..       16%         1    None
b - Sticks to Snakes      Tmut           ####....     19%         2    None
c - Spider Form           Tmut/Pois      ###.......   28%         3    ##.....
d - Ice Form              Ice/Tmut       ###.....     50%         4    ####...
e - Blade Hands           Tmut           ####......   69%         5    #####..


Dungeon Overview and Level Annotations

Branches:
Dungeon (1/1)

Altars:
Cheibriados
Dithmenos
Elyvilon
Fedhas
Gozag
Hepliaklqana
Kikubaaqudgha
Makhleb
Nemelex Xobeh
Okawaru
Qazlal
Ru
Sif Muna
Trog
Uskayaw
Vehumet
Wu Jian
Xom
Yredelemnul
Zin
The Shining One
Beogh
Jiyva
Lugonu


Innate Abilities, Weirdness & Mutations

You can breathe wild blasts of lightning.
Your glossy black scales are hard. (AC +6)
You cannot fit into any form of body armour.
You are resistant to electric shocks. (rElec)
You are cold-blooded and may be slowed by cold attacks.


Message History

The six-headed hydra closely misses you.
A blink frog comes into view.
The blink frog croaks.
You hack one of the six-headed hydra's heads off!
The five-headed hydra grows two more!
You hit the seven-headed hydra.
The seven-headed hydra is lightly wounded.
You feel sick. The seven-headed hydra misses you.
The seven-headed hydra barely misses you.
The seven-headed hydra bites you! x2
* * * LOW HITPOINT WARNING * * *
The seven-headed hydra bites you!
* * * LOW HITPOINT WARNING * * *
The seven-headed hydra bites you but does no damage.
The seven-headed hydra misses you.
Okay, then.
Unknown command.
You feel better. The seven-headed hydra bites you!
* * * LOW HITPOINT WARNING * * *
The seven-headed hydra bites you!
You die...

▓.▓_▓
▓F▓.▓_▓
▓l▓.▓_▓
▓Y▓.▓_▓
▓l▓.▓_▓
▓r▓.▓_▓
▓r▓.▓_▓
▓D▓.▓_▓
▓@▓.▓_▓
▓.▓.▓_▓
▓.▓.▓_▓
▓.▓.▓_▓
▓.▓.▓_▓
▓.▓.▓'▓
▓.▓.▓.▓
▓)▓.▓.▓
▓(▓.▓.▓


You could see a seven-headed hydra, a komodo dragon, a yak, a basilisk, a blink
frog and 2 porcupines.

Vanquished Creatures
  A troll (D)
  2 hippogriffs (D)
  A wraith (D)
  A water moccasin (D)
  An ogre (D)
  A bullfrog (D)
  A crimson imp (D)
  A jelly (D)
  2 worker ants (D)
  A gnoll (D)
  An adder zombie (D)
  2 orcs (D)
  2 bat zombies (D)
  A giant cockroach (D)
  A goblin (D)
  A hobgoblin (D)
  A quokka (D)
  A bat (D)
  A rat (D)
23 creatures vanquished.

Notes
Turn   | Place    | Note
-------+----------+-------------------------------------------
     0 | D        | Kidiri the Draconian Transmuter began the quest for the Orb.
     0 | D        | Reached XP level 1. HP: 16/16 MP: 3/3
   247 | D        | Noticed a jelly
   247 | D        | Noticed a worker ant
   262 | D        | Killed a worker ant
   262 | D        | Reached skill level 4 in Unarmed Combat
   262 | D        | Reached XP level 2. HP: 19/25 MP: 3/6
   262 | D        | Reached XP level 3. HP: 23/30 MP: 3/7
   269 | D        | Reached XP level 4. HP: 21/38 MP: 3/10
   278 | D        | Learned a level 2 spell: Sticks to Snakes
   282 | D        | Learned a level 3 spell: Spider Form
   287 | D        | Learned a level 4 spell: Ice Form
   291 | D        | Found a roughly hewn altar of Beogh.
   291 | D        | Found a snail-covered altar of Cheibriados.
   291 | D        | Found a shadowy altar of Dithmenos.
   291 | D        | Found a white marble altar of Elyvilon.
   291 | D        | Found a blossoming altar of Fedhas.
   291 | D        | Found an opulent altar of Gozag.
   292 | D        | Found a hazy altar of Hepliaklqana.
   293 | D        | Found a viscous altar of Jiyva.
   294 | D        | Found an ancient bone altar of Kikubaaqudgha.
   295 | D        | Found a corrupted altar of Lugonu.
   296 | D        | Found a burning altar of Makhleb.
   297 | D        | Found a sparkling altar of Nemelex Xobeh.
   298 | D        | Found an iron altar of Okawaru.
   299 | D        | Found a stormy altar of Qazlal.
   300 | D        | Found a sacrificial altar of Ru.
   301 | D        | Found a deep blue altar of Sif Muna.
   302 | D        | Found a bloodstained altar of Trog.
   303 | D        | Found a hide-covered altar of Uskayaw.
   304 | D        | Found a radiant altar of Vehumet.
   305 | D        | Found an ornate altar of the Wu Jian Council.
   306 | D        | Found a shimmering altar of Xom.
   307 | D        | Found a basalt altar of Yredelemnul.
   308 | D        | Found a glowing silver altar of Zin.
   309 | D        | Found a glowing golden altar of the Shining One.
   327 | D        | Became a worshipper of Sif Muna the Loreminder
   505 | D        | Noticed a hippogriff
   508 | D        | Reached skill level 5 in Unarmed Combat
   515 | D        | Reached skill level 1 in Ice Magic
   515 | D        | Reached skill level 1 in Poison Magic
   515 | D        | Reached skill level 1 in Evocations
   530 | D        | Killed a hippogriff
   530 | D        | Reached * piety under Sif Muna
   530 | D        | Reached skill level 5 in Dodging
   530 | D        | Reached skill level 6 in Unarmed Combat
   530 | D        | Reached skill level 5 in Spellcasting
   530 | D        | Reached XP level 5. HP: 21/47 MP: 7/13
   530 | D        | Reached XP level 6. HP: 24/53 MP: 7/14
   710 | D        | Learned a level 5 spell: Blade Hands
   711 | D        | Noticed a hippogriff
   711 | D        | Noticed a wraith
   711 | D        | Noticed a troll
   715 | D        | Killed a troll
   715 | D        | Reached ** piety under Sif Muna
   715 | D        | Reached skill level 5 in Fighting
   715 | D        | Reached skill level 7 in Unarmed Combat
   715 | D        | Reached skill level 5 in Transmutations
   715 | D        | Your scales start taking on a glossy black colour.
   715 | D        | Reached XP level 7. HP: 42/61 MP: 10/16
   715 | D        | Gained mutation: You are resistant to electric shocks. (rElec) [Black Draconian growth]
   722 | D        | Killed a wraith
   728 | D        | Reached *** piety under Sif Muna
   728 | D        | Reached skill level 8 in Unarmed Combat
   735 | D        | Killed a hippogriff
   735 | D        | Reached XP level 8. HP: 46/70 MP: 14/19
  1104 | D        | Noticed a five-headed hydra
  1105 | D        | Noticed a komodo dragon
  1110 | D        | Noticed a blink frog
  1110 | D        | HP: 2/70 [seven-headed hydra (12)]
  1111 | D        | Mangled by a seven-headed hydra

Vault maps used:
D:        linesprint

Skill      XL: |  1  2  3  4  5  6  7  8 |
---------------+-------------------------+-----
Dodging        | 3 5 6 7 |  7.5
Fighting       | 2 3 4 5 6 |  6.0
Unarmed Combat | 4 6 7 8 |  8.5
Spellcasting   | 3 4 5 6 7 |  7.5
Transmutations | 3 4 5 |  5.8
Ice Magic      | 2 3 4 |  4.6
Poison Magic   | 2 3 4 |  4.6
Evocations     | 2 3 4 |  4.6

Action                   |  1- 3 |  4- 6 |  7- 9 || total
-------------------------+-------+-------+-------++-------
Melee: Unarmed           |    41 |    28 |    25 ||    94
       Tailslap          |     4 |       |       ||     4
       Kick              |     4 |     1 |       ||     5
       Headbutt          |     1 |       |       ||     1
 Cast: Beastly Appendage |     3 |       |       ||     3
       Spider Form       |       |     2 |       ||     2
       Ice Form          |       |     1 |       ||     1
       Blade Hands       |       |       |     2 ||     2
  Use: Potion            |     1 |     1 |     1 ||     3
 Stab: Sleeping          |       |     1 |       ||     1
  Eat: Chunk             |       |       |     1 ||     1
Armor: Skin              |    12 |     3 |     7 ||    22
Dodge: Dodged            |    18 |    23 |    17 ||    58

Table legend:
 A = Spawn XP
 B = Non-spawn XP
 C = Spawn XP percentage of total XP
 D = Spawn monster count
 E = Non-spawn monster count
 F = Spawn count percentage of total count
 G = Total turns spent on level
                    A         B        C        D         E        F      G
               +---------+---------+-------+---------+---------+-------+---------
         Total |       0 |    1581 |   0.0 |       0 |      23 |   0.0 |  1111
               +---------+---------+-------+---------+---------+-------+---------
             D |       0 |    1581 |   0.0 |       0 |      23 |   0.0 |  1111
               +---------+---------+-------+---------+---------+-------+---------
